 Dungeon Crawl Stone Soup version 0.28-a0-1374-ga75cb3825e (webtiles) character file.

Game seed: 15609449044617075973

1174 shukka the Cleaver (level 8, 0/67 HPs)
             Began as a Minotaur Berserker on Jan 1, 2022.
             Was a Priest of Trog.
             Slain by Ijyb (5 damage)
             ... on level 5 of the Dungeon.
             The game lasted 00:15:42 (5753 turns).

shukka the Cleaver (Minotaur Berserker)             Turns: 5753, Time: 00:15:42

Health: 0/67       AC:  0    Str: 21    XL:     8   Next: 18%
Magic:  7/7        EV:  8    Int:  4    God:    Trog [***...]
Gold:   198        SH:  0    Dex: 13    Spells: 7/7 levels left

rFire   + . .      SeeInvis .   v - +0 war axe
rCold   + . .      Faith    .   (no shield)
rNeg    . . .      Spirit   .   l - +0 chain mail
rPois   +          Reflect  .   (helmet restricted)
rElec   +          Harm     .   x - +0 cloak
rCorr   +          Rampage  .   (no gloves)
Will    .....                   t - +0 pair of boots
Stlth   ..........              (no amulet)
HPRegen 0.21/turn               (no ring)
MPRegen 0.10/turn               (no ring)

@: mighty, resistant, corroded, attractive
A: horns 2, retaliatory headbutt
a: Renounce Religion, Berserk, Trog's Hand


You were on level 5 of the Dungeon.
You worshipped Trog.
Trog was most pleased with you.
You visited 1 branch of the dungeon, and saw 5 of its levels.
You also visited: Sewer.

You collected 198 gold pieces.

Inventory:

Hand Weapons
 v - a +0 war axe (weapon)
Missiles
 d - 48 bolts
 u - 14 poisoned darts (quivered)
 w - 21 arrows
Armour
 l - a +0 chain mail (worn)
 t - a +0 pair of boots (worn)
 x - a +0 cloak (worn)
Jewellery
 q - a ring of fire
Scrolls
 a - a scroll of magic mapping {unknown}
 e - a scroll of summoning {unknown}
 f - 2 scrolls of enchant armour {unknown}
 h - 9 scrolls of identify {unknown}
 i - a scroll of immolation {unknown}
 k - 3 scrolls of teleportation {unknown}
 m - a scroll of blinking {unknown}
 p - a scroll of amnesia {unknown}
 s - a scroll of enchant weapon {unknown}
 y - a scroll of noise {unknown}
 z - a scroll of vulnerability {unknown}
Potions
 b - a potion of brilliance {unknown}
 c - a potion of lignification {unknown}
 g - a potion of resistance
 j - a potion of attraction
 n - 2 potions of curing
 o - a potion of might
 r - a potion of heal wounds {unknown}


   Skills:
 - Level 4.6 Fighting
 * Level 10.3 Axes
 + Level 0.6 Throwing
 + Level 6.2 Armour
 - Level 2.2 Dodging


You had 7 spell levels left.
You didn't know any spells.
Your spell library was empty.

Dungeon Overview and Level Annotations

Branches:
Dungeon (5/15)              Sewer (visited)
 Temple: D:4-7

Altars:
Cheibriados
Hepliaklqana
Qazlal

Annotations:
D:5 Ijyb


Innate Abilities, Weirdness & Mutations

You have a pair of horns on your head.
You reflexively headbutt those who attack you in melee.


Message History

Ijyb hits you but does no damage.
You closely miss Ijyb.
Ijyb is lightly wounded.
Ijyb zaps a wand.
The bolt of acid hits you!! The acid corrodes you!
Throw: 16 darts (poison)
Press: ? - help, Q - select action, (/) - cycle Shift-Dir - straight line, f - Ijyb
Aim: Ijyb, wielding a +0 dagger, wearing a +0 leather armour and carrying a wand of acid (8) (lightly wounded, 51% to hit)
You throw a poisoned dart. The poisoned dart hits Ijyb.
Ijyb is poisoned.
Ijyb is lightly wounded.
Ijyb hits you with a +0 dagger.
Ijyb looks more healthy.
Ijyb zaps a wand.
The bolt of acid hits you!! The acid corrodes you!
There is a stone staircase leading down here.
Throw: 15 darts (poison)
Press: ? - help, Q - select action, (/) - cycle Shift-Dir - straight line, f/p - Ijyb
Aim: Ijyb, wielding a +0 dagger, wearing a +0 leather armour and carrying a wand of acid (7) (heavily wounded, 50% to hit)
You throw a poisoned dart. The poisoned dart barely misses Ijyb.
Ijyb zaps a wand.
The bolt of acid hits you!
* * * LOW HITPOINT WARNING * * *
The acid corrodes you!
It was a potion of curing.
You feel better.
You closely miss Ijyb. Your headbutt misses Ijyb.
Ijyb is heavily wounded.
Ijyb hits you with a +0 dagger.
* * * LOW HITPOINT WARNING * * *
It was a potion of might.
You feel very mighty all of a sudden. Ijyb hits you with a +0 dagger.
* * * LOW HITPOINT WARNING * * *
You hit Ijyb.
Ijyb is heavily wounded.
Ijyb hits you with a +0 dagger.
* * * LOW HITPOINT WARNING * * *
It was a potion of attraction.
You feel attractive to monsters. Ijyb barely misses you.
The mummy is attracted toward you.
It was a potion of resistance.
You feel protected. Ijyb hits you with a +0 dagger.
You die...

#......# #(#.# #......#
#.#.# ##......# #.#.#
##...:..###########.#.#
....................#.#
##......#############.#
......................#
#.####.#.#################
#...##...####(Mg@........#
.............ยง#########.##
#...#.#.......# #.#
#...#.#.#####.# #.#
#.###...# #.# #.# #.# #.###
#.# #.# #.###.# #M## #.#
#.....# #..# #.#
....##########.# #.#


You could see Ijyb and a mummy.

Vanquished Creatures
  2 black bears (D:5)
  2 necrophages (D:5)
  An ogre (D:5)
  A kobold brigand (D:5)
  3 scorpions (D:5)
  A bullfrog skeleton (D:4)
  A centaur zombie (D:5)
  A jelly (D:5)
  Crazy Yiuf (D:5)
  A hound (D:4)
  A centaur skeleton (D:5)
  Jessica (D:2)
  2 iguanas
  An orc wizard (D:5)
  9 adders
  2 river rats
  An ufetubus (D:4)
  4 worms
  2 dart slugs (D:3)
  8 orcs
  6 endoplasms
  4 giant cockroaches
  4 goblins
  4 hobgoblins
  4 jackals (D:4)
  9 quokkas
  7 ball pythons
  5 bats
  4 frilled lizards
  13 kobolds
  9 rats
114 creatures vanquished.

Vanquished Creatures (others)
  5 fungi (D:5)
  A plant (D:1)
6 creatures vanquished.

Grand Total: 120 creatures vanquished

Notes
Turn   | Place    | Note
-------+----------+-------------------------------------------
     0 | D:1      | shukka the Minotaur Berserker began the quest for the Orb.
     0 | D:1      | Reached XP level 1. HP: 19/19 MP: 0/0
   256 | D:1      | Found a faded altar of an unknown god.
   263 | D:1      | Reached XP level 2. HP: 24/27 MP: 1/1
   310 | D:1      | Reached skill level 4 in Axes
  1105 | D:2      | Reached XP level 3. HP: 33/33 MP: 2/2
  1184 | D:2      | Noticed Jessica
  1191 | D:2      | Killed Jessica
  1192 | D:2      | Reached skill level 5 in Axes
  1228 | D:2      | Reached XP level 4. HP: 29/41 MP: 3/3
  1791 | D:3      | Found a glowing drain.
  1814 | D:3      | Reached ** piety under Trog
  1918 | Sewer    | Entered a sewer
  2049 | Sewer    | Reached skill level 6 in Axes
  2049 | Sewer    | Reached XP level 5. HP: 41/47 MP: 4/4
  2907 | D:4      | Found a hazy altar of Hepliaklqana.
  3127 | D:4      | Found a stormy altar of Qazlal.
  3284 | D:4      | Reached skill level 7 in Axes
  3476 | D:4      | Reached XP level 6. HP: 53/53 MP: 5/5
  3972 | D:5      | Entered Level 5 of the Dungeon
  3988 | D:5      | Reached skill level 8 in Axes
  4203 | D:5      | Reached XP level 7. HP: 18/60 MP: 6/6
  4595 | D:5      | Found a runed translucent door.
  4597 | D:5      | Noticed Crazy Yiuf
  4608 | D:5      | Killed Crazy Yiuf
  5025 | D:5      | HP: 2/60 [ogre (17)]
  5032 | D:5      | Reached skill level 9 in Axes
  5032 | D:5      | Reached skill level 5 in Armour
  5370 | D:5      | Reached *** piety under Trog
  5371 | D:5      | Reached XP level 8. HP: 53/67 MP: 7/7
  5482 | D:5      | Reached skill level 10 in Axes
  5725 | D:5      | Found a snail-covered altar of Cheibriados.
  5725 | D:5      | Noticed Ijyb
  5753 | D:5      | Slain by Ijyb

Illustrated notes

Levels and vault maps discovered:
D:1:      lightli_arrival_windingriver, layout_loops_ring,
          dreamdust_ecumenical_altar_statues
D:2:      layout_loops_ring, uniq_jessica
D:3:      minmay_spotlight, layout_loops_ring, cheibrodos_sewer_entry_sluice
D:4:      layout_basic, mainiacjoe_overflow_alcove_1,
          nicolae_overflow_crystal_walls, minivault_27, hangedman_decor_push
D:5:      minmay_razor_zed, layout_basic, slow_altar_2, uniq_ijyb,
          uniq_crazy_yiuf_cottage

Skill      XL: |  1  2  3  4  5  6  7  8 |
---------------+-------------------------+-----
Fighting       | 4 |  4.6
Axes           | 4 5 6 7 8 9 10 | 10.3
Armour         | 3 4 5 6 |  6.2
Throwing       | |  0.6
Dodging        | |  2.2

Action                   |  1- 3 |  4- 6 |  7- 9 || total
-------------------------+-------+-------+-------++-------
Melee: Hand axe          |    79 |   160 |       ||   239
       Headbutt          |    12 |    35 |    15 ||    62
       War axe           |       |    30 |    60 ||    90
Throw: Dart              |       |       |     9 ||     9
  Use: Potion            |       |       |     4 ||     4
 Stab: Invisible         |       |       |     2 ||     2
Armor: Leather armour    |     4 |       |       ||     4
       Scale mail        |    19 |     3 |       ||    22
       Chain mail        |       |    97 |    36 ||   133
Dodge: Dodged            |    43 |    81 |    16 ||   140

Table legend: (Time is in decaauts)
 A = Elapsed time spent in this place.
 B = Non-inter-level travel time spent in this place.
 C = Inter-level travel time spent in this place.
 D = Time resting spent in this place.
 E = Time spent auto-exploring this place.
 F = Levels seen in this place.
 G = Mean time per level.
                   A        B        C        D        E       F      G
               +--------+--------+--------+--------+--------+-----+--------+
         Total |   5838 |   5708 |    130 |    690 |   3236 |   6 |  973.0 |
       Dungeon |   5409 |   5279 |    130 |    690 |   3137 |   5 | 1081.8 |
         Sewer |    429 |    429 |      0 |      0 |     99 |   1 |  429.0 |
               +--------+--------+--------+--------+--------+-----+--------+

Top non-repeatable levels by time:
     D:4: 1595 daAuts
     D:5: 1394 daAuts
     D:1: 965 daAuts
     D:2: 767 daAuts
     D:3: 686 daAuts
   Sewer: 429 daAuts
